 Dungeon Crawl Stone Soup version 0.21.1-1-g345015f (webtiles) character file.

25 letownia2 the Charmwright (level 3, 0/27 HPs)
             Began as a Merfolk Skald on Mar 16, 2018.
             Slain by an adder (2 damage)
             ... on level 3 of the Dungeon.
             The game lasted 00:02:03 (397 turns).

letownia2 the Charmwright (Merfolk Skald)            Turns: 397, Time: 00:02:04

Health: 0/27       AC:  3    Str: 11    XL:     3   Next: 4%
Magic:  1/6        EV: 12    Int: 13    God:
Gold:   22         SH:  0    Dex: 13    Spells: 0/6 levels left

rFire    . . .     SeeInvis .   a - +0 spear
rCold    . . .     Gourm    .   (no shield)
rNeg     . . .     Faith    .   b - +0 leather armour
rPois    .         Spirit   .   (no helmet)
rElec    .         Reflect  .   (no cloak)
rCorr    .         Harm     .   (no gloves)
MR       .....                  (no boots)
Stlth    +.........             (no amulet)
HPRegen  0.09/turn              h - ring of flight
MPRegen  0.10/turn              (no ring)

@: infused, very slightly contaminated
A: change form in water, swift swim, stealthy swim
a: Evoke Flight


You were on level 3 of the Dungeon.
You were not hungry.

You visited 1 branch of the dungeon, and saw 3 of its levels.

You collected 22 gold pieces.

Inventory:

Hand Weapons
 a - a +0 spear (weapon)
Armour
 b - a +0 leather armour (worn)
 i - a +0 ring mail
Jewellery
 f - an uncursed ring of ice
 h - a ring of flight (left hand)
Scrolls
 e - a scroll of identify {unknown}
 j - a scroll of remove curse {unknown}
Books
 c - a book of Battle

   Spells                             Type                      Level
   a - Infusion                       Charms                       1
   b - Shroud of Golubria             Charms/Translocation         2
   c - Song of Slaying                Charms                       2
   d - Spectral Weapon                Hexes/Charms                 3
   e - Regeneration                   Charms/Necromancy            3
Comestibles
 d - a ration


   Skills:
 - Level 2.1 Fighting
 - Level 3.0 Polearms
 - Level 0.6 Armour
 - Level 2.6 Dodging
 - Level 2.0 Spellcasting
 + Level 0.0 Hexes
 + Level 4.2 Charms
 + Level 0.8 Translocations


You couldn't memorise any spells.
You knew the following spells:

 Your Spells              Type           Power        Failure   Level  Hunger
a - Infusion              Chrm           ##..         6%          1    ##.....
t - Shroud of Golubria    Chrm/Tloc      #.........   19%         2    ###....
x - Spectral Weapon       Hex/Chrm       #.......     38%         3    ####...


Dungeon Overview and Level Annotations

Branches:
Dungeon (3/15)

Altars:


Message History

Your shroud falls apart!
Unknown command.
It was a potion of curing.
You feel better. The adder bites you.
* * * LOW HITPOINT WARNING * * *
You closely miss the adder. The adder misses you. The adder barely misses you.
You closely miss the adder.
The bullfrog gives a loud, deep croak!
The adder barely misses you.
Unknown command.
You closely miss the adder. The adder bites you.
* * * LOW HITPOINT WARNING * * *
Unknown command.
You completely miss the adder. The adder bites you but does no damage.
Unknown command.
You closely miss the adder. The adder completely misses you.
Unknown command.
You hit the adder.
The adder is moderately wounded.
The adder bites you.
You die...

#########
........#
#...(...#
#@# #S#
#...Fg..#
........###
......#.#
.....
......#.#
.... ..
....#$#.#
...# ...
..... ..#
...##..#
... # ###


You could see a bullfrog, an adder and a goblin.

Vanquished Creatures
  An ooze (D:2)
  A dart slug (D:3)
  An orc (D:3)
  A giant cockroach (D:3)
  A goblin (D:2)
  4 jackals (D:2)
  2 bats (D:3)
  A frilled lizard (D:3)
  3 kobolds
  2 rats (D:2)
17 creatures vanquished.

Notes
Turn   | Place    | Note
-------+----------+-------------------------------------------
     0 | D:1      | letownia2 the Merfolk Skald began the quest for the Orb.
     0 | D:1      | Reached XP level 1. HP: 16/16 MP: 3/3
     2 | D:1      | Noticed a vampire
     2 | D:1      | Noticed a demonspawn
     4 | D:1      | Noticed a troll
     4 | D:1      | Noticed a formicid
     6 | D:1      | Noticed a felid
     6 | D:1      | Noticed a dwarf
     8 | D:1      | Noticed a human
     8 | D:1      | Noticed a minotaur
    10 | D:1      | Noticed a spriggan
    10 | D:1      | Noticed an elf
    14 | D:1      | Noticed a merfolk
    14 | D:1      | Noticed a naga
    16 | D:1      | Noticed a gargoyle
    16 | D:1      | Noticed a vine stalker
    18 | D:1      | Noticed a centaur
    18 | D:1      | Noticed an ogre
    20 | D:1      | Noticed a draconian
    20 | D:1      | Noticed a halfling
    22 | D:1      | Noticed a demigod
    22 | D:1      | Noticed a tengu
    24 | D:1      | Noticed an octopode
    26 | D:1      | Noticed a ghoul
   161 | D:2      | Reached XP level 2. HP: 16/22 MP: 0/5
   167 | D:2      | Reached skill level 4 in Charms
   172 | D:2      | Learned a level 2 spell: Shroud of Golubria
   247 | D:3      | Noticed a bullfrog
   253 | D:3      | Reached XP level 3. HP: 6/27 MP: 1/6
   274 | D:2      | Learned a level 3 spell: Spectral Weapon
   394 | D:3      | HP: 1/27 [adder (5)]
   397 | D:3      | Slain by an adder

Skill      XL: |  1  2 |
---------------+-------+-----
Charms         | 4 |  4.2
Fighting       | |  2.1
Polearms       | |  3.0
Armour         | |  0.6
Dodging        | |  2.6
Spellcasting   | |  2.0
Translocations | |  0.8

Action                   || total
-------------------------++-------
Melee: Spear             ||    64
 Cast: Infusion          ||     8
       Shroud of Golubri ||     1
  Use: Potion            ||     1
Armor: Leather armour    ||    10
Dodge: Dodged            ||    42
